 Dungeon Crawl Stone Soup version 0.29-a0-111-gbaf749a769 (webtiles) character file.

Game seed: 17746920084902751672

65 ThanksArdit the Chopper (level 3, -1/30 HPs)
             Began as a Minotaur Gladiator on Feb 18, 2022.
             Slain by a goblin (3 damage)
             ... on level 2 of the Dungeon.
             The game lasted 00:02:33 (1044 turns).

ThanksArdit the Chopper (Minotaur Gladiator)        Turns: 1044, Time: 00:02:33

Health: -1/30      AC:  6    Str: 20    XL:     3   Next: 94%
Magic:  2/2        EV: 11    Int:  5    God:
Gold:   39         SH:  0    Dex: 11    Spells: 2/2 levels left

rFire   . . .      SeeInvis .   a - +0 war axe
rCold   . . .      Faith    .   (no shield)
rNeg    . . .      Spirit   .   k - +0 scale mail
rPois   .          Reflect  .   c - +0 hat
rElec   .          Harm     .   (no cloak)
rCorr   .          Rampage  .   (no gloves)
Will    .....                   (no boots)
Stlth   ..........              (no amulet)
HPRegen 0.10/turn               (no ring)
MPRegen 0.08/turn               (no ring)

@: no status effects
A: horns 2, retaliatory headbutt
a: no special abilities


You were on level 2 of the Dungeon.
You visited 1 branch of the dungeon, and saw 2 of its levels.

You collected 39 gold pieces.

Inventory:

Hand Weapons
 a - a +0 war axe (weapon)
Missiles
 d - 3 throwing nets (quivered)
Armour
 b - a +0 leather armour
 c - a +0 hat (worn)
 k - a +0 scale mail (worn)
Jewellery
 i - a ring of magical power
Scrolls
 e - a scroll of identify
 g - 2 scrolls of amnesia
Potions
 f - a potion of curing
 h - a potion of ambrosia
 j - a potion of magic {unknown}
 l - 2 potions of might {unknown}
 m - a potion of resistance {unknown}


   Skills:
 + Level 2.8 Fighting
 + Level 4.9 Axes
 + Level 2.2 Throwing
 + Level 0.4 Armour
 + Level 4.0 Dodging


You had 2 spell levels left.
You didn't know any spells.
Your spell library was empty.

Dungeon Overview and Level Annotations

Branches:
Dungeon (2/15)

Altars:

Shops:
D:1 [


Innate Abilities, Weirdness & Mutations

You have a pair of horns on your head.
You reflexively headbutt those who attack you in melee.


Message History

Unknown command.
There are monsters nearby!
You are too injured to fight recklessly!
Unknown command.
There are monsters nearby!
Unknown command.
You are too injured to fight recklessly!
There are monsters nearby!
You slash the kobold!
You kill the kobold!
You hit the adder but do no damage. The adder barely misses you.
The adder bites you.
You barely miss the worm. You barely miss the adder. The adder bites you.
You are poisoned.
The adder poisons you! The adder bites you. The worm barely misses you.
You completely miss the worm. You hit the adder.
You feel sick. The adder completely misses you.
The worm bites you but does no damage.
You hit the worm.
The worm is lightly wounded.
You closely miss the adder.
You feel sick. The adder closely misses you. You furiously retaliate!
You headbutt the adder. The adder bites you but does no damage.
You barely miss the worm.
The worm is lightly wounded.
You slash the adder!
You kill the adder!
You feel sick.
You are no longer poisoned.
The worm bites you.
* * * LOW HITPOINT WARNING * * *
You slash the worm! You headbutt the worm.
You kill the worm!
You hit the goblin. The goblin barely misses you.
The goblin hits you but does no damage.
Unknown command.
You barely miss the goblin. Your headbutt misses the goblin.
The goblin is heavily wounded.
A bat comes into view.
The goblin hits you with a +0 dagger.
You die...

#....#
#######....##########
...........'.........
#######....##.....# #
#....##.....#
#######....##.....####
'....................#..
#############.........b#
# #..^@).....# #
#####g.../.# # ......#
......# ......# ......#
......# .......


You could see a goblin and a bat.

Vanquished Creatures
  A gnoll (D:1)
  An adder (D:2)
  2 worms (D:2)
  4 dart slugs
  A giant cockroach (D:2)
  3 goblins
  5 hobgoblins
  A quokka (D:2)
  A ball python (D:1)
  7 bats
  4 frilled lizards
  2 kobolds
  A rat (D:1)
33 creatures vanquished.

Notes
Turn   | Place    | Note
-------+----------+-------------------------------------------
     0 | D:1      | ThanksArdit the Minotaur Gladiator began the quest for the
                  | Orb.
     0 | D:1      | Reached XP level 1. HP: 18/18 MP: 0/0
    38 | D:1      | Reached XP level 2. HP: 25/25 MP: 1/1
   300 | D:1      | Found a faded altar of an unknown god.
   394 | D:1      | Reached XP level 3. HP: 30/30 MP: 2/2
   485 | D:1      | Found Ecyluong's Antique Armour Emporium.
  1044 | D:2      | Slain by a goblin

Illustrated notes

Levels and vault maps discovered:
D:1:      dpeg_arrival_chambers_temple_mockup, layout_loops_ring,
          basic_ecumenical_altar, serial_shops, shop, minmay_misc_feat_chi
D:2:      layout_basic, basic_altar, minmay_misc_feat_iff

Skill      XL: |  1  2  3 |
---------------+----------+-----
Axes           | 4 |  4.9
Dodging        | 4 |  4.0
Fighting       | |  2.8
Throwing       | |  2.2
Armour         | |  0.4

Action                   || total
-------------------------++-------
Melee: War axe           ||    57
       Headbutt          ||     8
       Punch             ||     1
  Use: Scroll            ||     4
Armor: Leather armour    ||     6
       Scale mail        ||    21
Dodge: Dodged            ||    46

Table legend: (Time is in decaauts)
 A = Elapsed time spent in this place.
 B = Non-inter-level travel time spent in this place.
 C = Inter-level travel time spent in this place.
 D = Time resting spent in this place.
 E = Time spent auto-exploring this place.
 F = Levels seen in this place.
 G = Mean time per level.
                   A        B        C        D        E       F      G
               +--------+--------+--------+--------+--------+-----+--------+
         Total |   1060 |    966 |     94 |      0 |    761 |   2 |  530.0 |
       Dungeon |   1060 |    966 |     94 |      0 |    761 |   2 |  530.0 |
               +--------+--------+--------+--------+--------+-----+--------+

Top non-repeatable levels by time:
     D:1: 811 daAuts
     D:2: 248 daAuts
